Map: Acropolis LE

Players

Probe

  • Race: Protoss Protoss
  • Spawn Location: 5:00

Denver - Winner!

  • Race: Zerg Zerg
  • Spawn Location: 11:00

Event: 2019 WCS Summer

VOD

Have the link to the VOD?

Description

Time

  • Played on: July 12, 2019, 3:32 p.m.
  • Length: 6:05

All games in this series

Show
View Real Time Build Order
Export as new Build Order

Probe Protoss 

Build Orders: 1 Gate Expand, Oracle Opening 

Get SALT Encoding   

  12  0:01  Probe  
  13  0:13  Probe  
  14  0:21  Pylon  
  14  0:25  Probe  
  15  0:34  Assimilator  
  15  0:36  Probe  
  16  0:44  Probe  
  17  0:50  Gateway  
  17  0:54  Probe  
  18  1:06  Probe  
  19  1:18  Probe  
  20  1:30  Probe  
  21  1:35  Nexus  
  21  1:38  Cybernetics Core  
  21  1:44  Assimilator  
  21  1:45  Probe  
  22  1:54  Pylon  
  22  1:58  Probe  
  23  2:04  Adept  
  23  2:09  Probe  
  23  2:14  Warp Gate  
  26  2:17  Probe  
  27  2:26  Probe  
  27  2:27  Stargate  
  28  2:34  Stalker  
  30  2:39  Probe  
  30  2:43  Probe  
  32  2:51  Probe x2  
  34  3:01  Oracle  
  34  3:02  Probe  
  34  3:03  Probe  
  36  3:07  Assimilator  
  39  3:14  Probe  
  39  3:15  Probe  
  39  3:17  Pylon  
  41  3:24  Gateway  
  41  3:26  Probe  
  42  3:27  Probe  
  42  3:30  Oracle  
  43  3:38  Probe  
  43  3:39  Probe  
  48  3:44  Pylon  
  48  3:50  Probe  
  48  3:52  Probe  
  50  3:56  Assimilator  
  50  4:02  Probe  
  51  4:04  Probe  
  51  4:08  Adept  
  54  4:14  Probe  
  54  4:16  Probe, Pylon  
  56  4:24  Robotics Facility  
  56  4:25  Nexus  
  56  4:26  Probe  
  56  4:28  Probe, Pylon  
  58  4:38  Sentry x2, Probe  
  62  4:40  Probe  
  64  4:49  Pylon  
  64  4:50  Forge, Probe  
  64  4:52  Probe, Twilight Council  
  66  5:03  Probe  
  66  5:04  Probe  
  68  5:10  Gateway  
  68  5:11  Observer  
  68  5:12  Gateway  
  69  5:14  Gateway  
  69  5:15  Probe  
  69  5:16  Probe  
  69  5:20  Sentry x2  
  75  5:27  Probe  
  75  5:28  Shield Battery, Pylon  
  76  5:32  Probe  
  73  5:39  Probe x2  
  71  5:44  Probe  
  71  5:46  Zealot x2  
  76  5:51  Probe  
Show
View Real Time Build Order
Export as new Build Order

Denver Zerg - Winner!

Build Orders: Hatch First 

Get SALT Encoding   

  12  0:00  Drone  
  13  0:12  Overlord  
  13  0:17  Drone  
  14  0:31  Drone x2  
  16  0:47  Hatchery  
  15  0:52  Drone  
  15  0:56  Drone  
  17  0:59  Drone  
  18  1:10  Extractor  
  17  1:16  Spawning Pool  
  16  1:19  Drone  
  16  1:22  Drone  
  18  1:32  Drone  
  19  1:39  Drone  
  20  1:49  Drone  
  21  2:03  Queen x2  
  21  2:04  Zergling x4  
  27  2:11  Overlord  
  27  2:14  Metabolic Boost  
  27  2:17  Drone  
  28  2:30  Drone x2  
  30  2:37  Extractor  
  30  2:41  Hatchery  
  28  2:44  Drone  
  28  2:46  Drone  
  28  2:49  Drone  
  31  2:54  Overlord  
  31  2:57  Drone  
  32  2:59  Drone  
  32  3:04  Overlord  
  33  3:08  Drone  
  33  3:12  Drone x3  
  37  3:15  Drone  
  37  3:18  Drone  
  39  3:20  Drone  
  39  3:23  Overlord  
  39  3:25  Drone  
  41  3:28  Drone  
  41  3:32  Queen  
  44  3:36  Drone  
  44  3:37  Spore Crawler  
  44  3:41  Spore Crawler  
  43  3:42  Drone  
  43  3:43  Drone  
  43  3:45  Drone  
  46  3:50  Lair  
  46  3:53  Drone  
  46  3:54  Drone  
  48  4:00  Drone  
  49  4:03  Drone x2  
  49  4:04  Queen  
  49  4:09  Overlord  
  53  4:13  Overlord  
  53  4:18  Drone  
  53  4:19  Drone x4  
  53  4:21  Overlord  
  58  4:27  Spore Crawler  
  58  4:30  Queen  
  59  4:33  Zergling x8  
  59  4:34  Zergling x2  
  63  4:39  Overlord  
  63  4:42  Queen  
  65  4:47  Zergling x8  
  65  4:51  Nydus Network  
  68  4:56  Zergling x10  
  73  5:04  Queen  
  73  5:06  Queen  
  77  5:10  Zergling x8  
  81  5:19  Zergling x16  
  87  5:28  Nydus Canal  
  87  5:31  Overlord  
  87  5:35  Zergling x6  
  96  6:01  Nydus Canal  
Tags
 
Add a new tag
Caveats
  • Supply blocks, unpowered buildings, or Contaminate may cause inaccurate times.
  • Supply counts are checked every 10 seconds.